 Dungeon Crawl Stone Soup version 0.31-a0-844-gdc52ec4e09 (webtiles) character file.

Game seed: 18424892914763699219

95 pop123321pop the Cudgeller (level 4, -2/39 HPs)
             Began as a Minotaur Berserker on Sept 30, 2023.
             Was a Believer of Trog.
             Asphyxiated
             ... in a sewer.
             The game lasted 00:02:19 (1650 turns).

pop123321pop the Cudgeller (Minotaur Berserker)     Turns: 1650, Time: 00:02:20

Health: -2/39      AC:  5    Str: 22    XL:     4   Next: 40%
Magic:  3/3        EV: 11    Int:  4    God:    Trog [**....]
Gold:   44         SH:  0    Dex: 11    Spells: 3/3 levels left

rFire   . . .        a - +0 mace
rCold   . . .        (no shield)
rNeg    . . .        h - +0 ring mail
rPois   .            (helmet restricted)
rElec   .            (no cloak)
rCorr   .            (no gloves)
SInv    .            (no boots)
Will    .....        (no amulet) Stlth
                     (no ring)
HPRegen 0.26/turn    (no ring)
MPRegen 0.08/turn

%: no passive effects
@: lethally poisoned (-2 -> -14), attractive, slowed, very slow
A: horns 2, retaliatory headbutt
a: Renounce Religion, Berserk, Trog's Hand


You were in a sewer.
You worshipped Trog.
Trog was pleased with you.
You visited 1 branch of the dungeon, and saw 3 of its levels.
You also visited: Sewer.

You collected 44 gold pieces.

Inventory:

Hand Weapons
 a - a +0 mace (weapon)
Armour
 h - a +0 ring mail (worn)
Jewellery
 e - a ring of magical power
 g - a +6 ring of strength
 l - an amulet of reflection
 o - a ring of flight
 p - a ring of ice
Wands
 n - a wand of charming (12)
Scrolls
 b - a scroll of butterflies {unknown}
 f - a scroll of fear {unknown}
 i - a scroll of poison {unknown}
 m - a scroll of revelation {unknown}
 q - a scroll of enchant weapon {unknown}
Potions
 c - a potion of lignification {unknown}
 j - a potion of mutation {unknown}
 k - a potion of resistance {unknown}


   Skills:
 - Level 3.6 Fighting
 + Level 6.3 Maces & Flails
 - Level 2.4 Armour
 - Level 2.1 Dodging


You had 3 spell levels left.
You didn't know any spells.
Your spell library was empty.

Dungeon Overview and Level Annotations

Branches:
Dungeon (3/15)              Sewer (1/1)

Altars:


Innate Abilities, Weirdness & Mutations

You have a pair of horns on your head.
You reflexively headbutt those who attack you in melee.


Message History

The kobold brigand is wielding a +0 short sword and quivering curare-tipped darts.
The kobold brigand shouts!
The adder hisses angrily.
The kobold brigand throws a curare-tipped dart.
The curare-tipped dart misses you.
There are monsters nearby!
There are monsters nearby!
There are monsters nearby!
The adder completely misses you.
Unknown command.
You closely miss the adder. Your headbutt misses the adder.
The adder bites you but does no damage. The adder bites you.
Unknown command.
You thump the adder! You headbutt the adder.
You kill the adder!
Trog accepts your kill.
The kobold brigand throws a curare-tipped dart.
The curare-tipped dart hits you.
You are poisoned.
You have difficulty breathing.
You feel yourself slow down.
The kobold brigand throws a curare-tipped dart.
The curare-tipped dart hits you.
You are more poisoned.
You have difficulty breathing.
You feel as though you will be slow longer.
You feel extremely sick.
Unknown command.
Unknown command.
You are too injured to fight recklessly!
You are too injured to fight recklessly!
A kobold brigand is nearby!
It was a potion of attraction.
You feel attractive to monsters.
You feel very sick.
* * * LOW HITPOINT WARNING * * *
You feel very sick.
The kobold brigand throws a curare-tipped dart.
The curare-tipped dart hits you.
You are lethally poisoned!
You have difficulty breathing.
You die...

## ##~ #####~~~~ .~~..
#######~~~~~# ~~~~
##.~...~~###~~~~ ~..#
#..~~~~~~# ######
.~~####~~....~.###~~~~.#
.~~~##...~####~~@~K#
...~~.~~~## #####.~~~.#
..~..~~~## ######
.....~~~# ....~~~~#
.....~~~# ....~.~~#
...~~.~..# ...~##~~~.#


You could see a kobold brigand.

Vanquished Creatures
  Terence (D:2)
  An adder (Sewer)
  A worm (D:2)
  A dart slug (D:1)
  4 ball pythons
  6 endoplasms
  9 giant cockroaches
  4 goblins (D:1)
  A hobgoblin (D:1)
  4 jackals (D:1)
  4 quokkas
  6 bats
  2 frilled lizards (D:1)
  4 kobolds (D:1)
  A rat (D:1)
49 creatures vanquished.

Notes
Turn   | Place    | Note
-------+----------+-------------------------------------------
     0 | D:1      | pop123321pop the Minotaur Berserker began the quest for the
                  | Orb.
     0 | D:1      | Reached XP level 1. HP: 19/19 MP: 0/0
    26 | D:1      | Reached skill level 4 in Maces & Flails
    28 | D:1      | Noticed an eye of devastation
    29 | D:1      | Found a faded altar of an unknown god.
    33 | D:1      | Reached XP level 2. HP: 5/26 MP: 1/1
   132 | D:1      | Noticed an eye of devastation
   138 | D:1      | Noticed a shining eye
   143 | D:1      | Noticed a floating eye
   376 | D:1      | Reached skill level 5 in Maces & Flails
   413 | D:1      | Reached XP level 3. HP: 22/31 MP: 2/2
   467 | D:1      | Reached ** piety under Trog
   821 | D:2      | Noticed Terence
   835 | D:2      | Killed Terence
   836 | D:2      | Reached skill level 6 in Maces & Flails
   836 | D:2      | Reached XP level 4. HP: 5/39 MP: 3/3
  1284 | D:2      | Identified the +4 leather armour of Bad Feelings {Harm
                  | rCorr Int+4}
  1593 | D:3      | Found a glowing drain.
  1620 | Sewer    | Entered a sewer
  1644 | Sewer    | Noticed a kobold brigand
  1650 | Sewer    | Asphyxiated

Illustrated notes

Levels and vault maps discovered:
D:1:      grunt_arrival_lava_bath, layout_basic,
          hellmonk_ecumenical_altar_watching_god
D:2:      layout_loops_ring, grunt_decor_cap, uniq_terence
D:3:      layout_loops_corners, gup_sewer_entry_pipe, minmay_misc_feat_square,
          uniq_jessica
Sewer:    sewer_co_tree

Skill      XL: |  1  2  3 |
---------------+----------+-----
Maces & Flails | 4 5 6 |  6.3
Fighting       | |  3.6
Armour         | |  2.4
Dodging        | |  2.1

Action                     |  1- 3 |  4- 6 || total
---------------------------+-------+-------++-------
  Melee: Mace              |    71 |    32 ||   103
         Headbutt          |     7 |     4 ||    11
 Invoke: Berserk           |     1 |       ||     1
    Use: Potion            |       |     1 ||     1
   Stab: Sleeping          |     1 |       ||     1
 Armour: Animal skin       |    51 |       ||    51
         Ring mail         |     9 |    12 ||    21
  Dodge: Dodged            |    63 |    19 ||    82

Table legend: (Time is in decaauts)
 A = Elapsed time spent in this place.
 B = Non-inter-level travel time spent in this place.
 C = Inter-level travel time spent in this place.
 D = Time resting spent in this place.
 E = Time spent auto-exploring this place.
 F = Levels seen in this place.
 G = Mean time per level.
                   A        B        C        D        E       F      G
               +--------+--------+--------+--------+--------+-----+--------+
         Total |   1686 |   1529 |    157 |    205 |   1025 |   4 |  421.5 |
       Dungeon |   1648 |   1491 |    157 |    205 |    997 |   3 |  549.3 |
         Sewer |     37 |     37 |      0 |      0 |     27 |   1 |   37.0 |
               +--------+--------+--------+--------+--------+-----+--------+

Top non-repeatable levels by time:
     D:2: 858 daAuts
     D:1: 731 daAuts
     D:3: 58 daAuts
   Sewer: 37 daAuts
